 Dungeon Crawl Stone Soup version 0.27-a0-1273-gec92ba881d (webtiles) character file.

Game seed: 15436696564009552425

29 rabbitsville the Cutter (level 3, -2/35 HPs)
             Began as a Gnoll Chaos Knight on June 11, 2021.
             Was a Plaything of Xom.
             Slain by Crazy Yiuf
             ... wielding a +4 quarterstaff of chaos
              (8 damage)
             ... on level 2 of the Dungeon.
             The game lasted 00:14:52 (1685 turns).

rabbitsville the Cutter (Gnoll Chaos Knight)        Turns: 1685, Time: 00:14:53

Health: -2/35      AC:  5    Str: 11    XL:     3   Next: 16%
Magic:  3/3        EV: 12    Int: 10    God:    Xom [*.....]
Gold:   65         SH:  0    Dex: 11    Spells: 3/3 levels left

rFire    . . .     SeeInvis .   a - +0 short sword (chaos)
rCold    . . .     Faith    .   (no shield)
rNeg     + . .     Spirit   .   b - +2 leather armour
rPois    .         Reflect  .   (no helmet)
rElec    .         Harm     .   (no cloak)
rCorr    .         Rampage  .   (no gloves)
Will     .....                  (no boots)
Stlth    +.........             c - amulet of magic regeneration
HPRegen  0.11/turn              e - ring of positive energy
MPRegen  0.33/turn              (no ring)

@: no status effects
A: fangs 1, strong nose, distributed training, dopey 1, screaming 1, wild magic
2
a: Renounce Religion


You were on level 2 of the Dungeon.
You worshipped Xom.
You were a special plaything of Xom.
You visited 1 branch of the dungeon, and saw 2 of its levels.

You collected 65 gold pieces.

Inventory:

Hand Weapons
 a - a +0 short sword of chaos (weapon)
Missiles
 h - 17 stones
 k - 17 poisoned darts (quivered)
Armour
 b - a +2 leather armour (worn)
 f - a +0 ring mail
Jewellery
 c - an amulet of magic regeneration (around neck)
 e - a ring of positive energy (left hand)
Potions
 d - a potion of heal wounds
 g - a potion of degeneration {unknown}
 j - 2 potions of curing


   Skills:
 + Level 6.5 Fighting
 + Level 6.5 Short Blades
 + Level 0.6 Long Blades
 + Level 0.6 Axes
 + Level 0.6 Maces & Flails
 + Level 0.6 Polearms
 + Level 0.6 Staves
 + Level 0.6 Slings
 + Level 0.6 Bows
 + Level 0.6 Crossbows
 + Level 0.6 Throwing
 + Level 4.5 Armour
 + Level 2.5 Dodging
 + Level 0.6 Stealth
 + Level 0.6 Shields
 + Level 0.6 Unarmed Combat
 + Level 0.6 Spellcasting
 + Level 0.4 Conjurations
 + Level 0.4 Hexes
 + Level 0.4 Summonings
 + Level 0.4 Necromancy
 + Level 0.4 Translocations
 + Level 0.4 Transmutations
 + Level 0.4 Fire Magic
 + Level 0.4 Ice Magic
 + Level 0.4 Air Magic
 + Level 0.4 Earth Magic
 + Level 0.4 Poison Magic
 + Level 0.8 Invocations
 + Level 0.6 Evocations


You had 3 spell levels left.
You didn't know any spells.
Your spell library was empty.

Dungeon Overview and Level Annotations

Branches:
Dungeon (2/15)

Altars:

Annotations:
D:2 Crazy Yiuf


Innate Abilities, Weirdness & Mutations

You have very sharp teeth.
Your uncanny sense of smell can sniff out nearby items.
Your experience applies equally to all skills.
You are dopey. (Int -2)
You occasionally shout uncontrollably at your foes.
Your spells are harder to cast, but more powerful.


Message History

The fungus is lightly damaged.
You puncture the fungus! You freeze the fungus.
The fungus is lightly damaged.
A nearby fungus withers and dies.
You hit the fungus.
The fungus is lightly damaged.
You hit the fungus.
The fungus is poisoned.
The fungus is lightly damaged.
You hit the fungus.
The fungus is lightly damaged.
A nearby fungus withers and dies.
Found a mace.
Found a runed translucent door.
Crazy Yiuf shouts!
You open the door.
Xom makes a sudden noise!
You hear a piteous moan.
You hear a shout!
You hear an angry hiss.
Crazy Yiuf hits you with a +4 quarterstaff of chaos!
You are electrocuted!
* * * LOW HITPOINT WARNING * * *
There is an open translucent door, spattered with blood here.
Okay, then.
As you read the scroll labelled UNNAVI CEXZAST, it crumbles to dust.
The scroll dissolves into smoke.
It was a scroll of fog.
Crazy Yiuf hits you but does no damage.
You are lethally poisoned!
It was a potion of curing.
You feel better.
Xom thinks this is hilarious!
Crazy Yiuf laughs, "Proton!"
Crazy Yiuf hits you with a +4 quarterstaff of chaos!
* * * LOW HITPOINT WARNING * * *
Crazy Yiuf freezes you.
* * * LOW HITPOINT WARNING * * *
Okay, then.
As you read the scroll labelled GEJAUSAGUK, it crumbles to dust.
It is a scroll of identify.
d - a potion of heal wounds Crazy Yiuf says, "One may say the eternal mystery of the world is its comprehensibility."
Crazy Yiuf hits you with a +4 quarterstaff of chaos!
You die...
Xom howls with laughter!

### ..#######♣♣♣♣♣
.......#...♣.♣♣♣ ####
######...♣P.♣.§♣#§§.#
>.........P♣♣♣♣§@g§.#
##.##..#.P♣♣ ♣♣#§§)#
#.##..##♣♣ ####
#.##### #.# #.. #..
#..


You could see Crazy Yiuf.

Vanquished Creatures
  A dart slug (D:1)
  A bat (D:1)
  An endoplasm (D:1)
  4 hobgoblins
  4 jackals (D:2)
  2 quokkas
  2 ball pythons (D:1)
  2 frilled lizards (D:1)
  A goblin (D:1)
  2 kobolds
  6 rats
26 creatures vanquished.

Vanquished Creatures (others)
  2 fungi (D:2)
2 creatures vanquished.

Grand Total: 28 creatures vanquished

Notes
Turn   | Place    | Note
-------+----------+-------------------------------------------
     0 | D:1      | rabbitsville the Gnoll Chaos Knight began the quest for the
                  | Orb.
     0 | D:1      | Reached XP level 1. HP: 23/23 MP: 1/1
    18 | D:1      | Found a faded altar of an unknown god.
   380 | D:1      | XOM: divination: magic mapping
   493 | D:1      | Reached XP level 2. HP: 29/29 MP: 2/2
   754 | D:1      | XOM: 7-stop teleportation journey
  1243 | D:1      | XOM: enchant monster (bad)
  1351 | D:1      | XOM: give mutations
  1351 | D:1      | Gained mutation: You occasionally shout uncontrollably at
                  | your foes. [Xom's mischief]
  1351 | D:1      | Gained mutation: You are dopey. (Int -2) [Xom's mischief]
  1351 | D:1      | Gained mutation: Your spells are a little harder to cast,
                  | but a little more powerful. [Xom's mischief]
  1351 | D:1      | Gained mutation: Your spells are harder to cast, but more
                  | powerful. [Xom's mischief]
  1581 | D:2      | Reached XP level 3. HP: 32/35 MP: 3/3
  1677 | D:2      | Found a runed translucent door.
  1678 | D:2      | Noticed Crazy Yiuf
  1682 | D:2      | XOM: noise
  1685 | D:2      | Slain by Crazy Yiuf

Illustrated notes

Levels and vault maps discovered:
D:1:      dpeg_arrival_rooms_with_view, layout_loops_corners,
          serial_co_window_serial, co_window_paths_b, co_window_paths_a,
          co_window_cross_1, co_window_corner_a, co_window_corner_a,
          co_window_of_opportunity_b, co_window_corner_cb,
          co_window_of_opportunity_b, co_window_paths_e, glass_columns_a,
          glass_columns_b, hellmonk_ecumenical_altar_crossroads, minmay_3d_cube
D:2:      layout_loops_ring, basic_altar, uniq_crazy_yiuf_cottage, uniq_jessica

Action                   || total
-------------------------++-------
Melee: Short sword       ||   101
       Bite              ||    10
       Punch             ||     1
  Use: Scroll            ||     2
       Potion            ||     1
Armor: Leather armour    ||    25
Dodge: Dodged            ||    37

Table legend: (Time is in decaauts)
 A = Elapsed time spent in this place.
 B = Non-inter-level travel time spent in this place.
 C = Inter-level travel time spent in this place.
 D = Time resting spent in this place.
 E = Time spent auto-exploring this place.
 F = Levels seen in this place.
 G = Mean time per level.
                   A        B        C        D        E       F      G
               +--------+--------+--------+--------+--------+-----+--------+
         Total |   1662 |   1619 |     43 |      0 |    736 |   2 |  831.0 |
       Dungeon |   1662 |   1619 |     43 |      0 |    736 |   2 |  831.0 |
               +--------+--------+--------+--------+--------+-----+--------+

Top non-repeatable levels by time:
     D:1: 1514 daAuts
     D:2: 147 daAuts
